 Dungeon Crawl Stone Soup version 0.31-a0-221-gbddc013574 (webtiles) character file.

Game seed: 17361009492497606868

867 ryw the Shield-Bearer (level 8, -1/62 HPs)
             Began as a Human Fighter on July 4, 2023.
             Succumbed to a killer bee's poison
             ... on level 5 of the Dungeon.
             The game lasted 00:07:21 (4202 turns).

ryw the Shield-Bearer (Human Fighter)               Turns: 4202, Time: 00:07:21

Health: -1/62      AC:  8    Str: 19    XL:     8   Next: 23%
Magic:  8/8        EV:  5    Int:  9    God:
Gold:   155        SH:  5    Dex: 12    Spells: 7/7 levels left

rFire   . . .        b - +0 mace
rCold   . . .        c - +0 buckler
rNeg    . . .        p - +0 plate armour
rPois   .            n - +0 helmet
rElec   .            (no cloak)
rCorr   .            (no gloves)
SInv    +            (no boots)
Will    .....        (no amulet) Stlth
                     q - ring of see invisible
HPRegen 1.10/turn    (no ring)
MPRegen 0.11/turn

%: no passive effects
@: mighty, lethally poisoned (-1 -> -8)
A: deformed body, regeneration 1, evolution 1, MP-powered wands
a: no special abilities


You were on level 5 of the Dungeon.
You visited 1 branch of the dungeon, and saw 5 of its levels.
You also visited: Sewer.

You collected 155 gold pieces.

Inventory:

Hand Weapons
 b - a +0 mace (weapon)
Missiles
 f - 2 throwing nets (quivered)
 z - 2 poisoned darts
Armour
 c - a +0 buckler (worn)
 n - a +0 helmet (worn)
 p - a +0 plate armour (worn)
Jewellery
 q - a ring of see invisible (left hand)
 r - an amulet of guardian spirit
Wands
 C - a wand of flame (18)
Scrolls
 a - a scroll of fear {unknown}
 e - 3 scrolls of amnesia {unknown}
 h - a scroll of revelation {unknown}
 i - 5 scrolls of blinking {unknown}
 k - a scroll of poison {unknown}
 l - 4 scrolls of identify {unknown}
 m - 3 scrolls of enchant weapon {unknown}
 w - a scroll of immolation {unknown}
 y - a scroll of enchant armour {unknown}
 A - 4 scrolls of fog {unknown}
Potions
 g - a potion of mutation
 j - 2 potions of heal wounds
 o - a potion of resistance {unknown}
 s - a potion of degeneration {unknown}
 t - a potion of ambrosia {unknown}
 u - a potion of attraction {unknown}
 v - a potion of lignification {unknown}
 x - a potion of curing
 B - a potion of invisibility {unknown}


   Skills:
 + Level 5.1 Fighting
 - Level 2.3 Long Blades
 + Level 3.2 Maces & Flails
 + Level 2.4 Throwing
 + Level 5.2 Armour
 + Level 5.2 Shields


You had 7 spell levels left.
You didn't know any spells.
Your spell library contained the following spells:

 Spells                   Type           Power      Damage    Failure   Level
 Beastly Appendage        Tmut           0%         N/A       100%        1
 Kiss of Death            Conj/Necr      0%         2d5       100%        1
 Magic Dart               Conj           0%         1d3       100%        1
 Searing Ray              Conj           0%         2d4       100%        2
 Wereblood                Tmut           0%         N/A       100%        2
 Confusing Touch          Hex            0%         N/A       100%        3
 Hailstorm                Conj/Ice       0%         3d3       100%        3
 Spider Form              Tmut/Pois      0%         N/A       100%        3
 Dispel Undead            Necr           0%         3d6       100%        4
 Fulminant Prism          Conj/Hex       0%         3d5       100%        4
 Ice Form                 Ice/Tmut       0%         N/A       100%        4
 Simulacrum               Ice/Necr       0%         N/A       100%        6
 Chain Lightning          Conj/Air       0%         N/A       100%        9
 Fire Storm               Conj/Fire      0%         5d1       100%        9
 Shatter                  Erth           0%         3d5*      100%        9


Dungeon Overview and Level Annotations

Branches:
Dungeon (5/15)              Sewer (visited)
 Temple: D:4-7

Altars:
Kikubaaqudgha
Trog


Innate Abilities, Weirdness & Mutations

Armour fits poorly on your strangely shaped body.
Your natural rate of healing is unusually fast.
You have hidden genetic potential.
You expend magic power (3 MP) to strengthen your wands.


Message History

The killer bee stings you.
* * * LOW HITPOINT WARNING * * *
The killer bee stings you.
* * * LOW HITPOINT WARNING * * *
You block the killer bee's attack.
You feel much better.
You feel sick. You block the killer bee's attack. The killer bee stings you.
You are more poisoned.
The killer bee poisons you!
You feel very mighty all of a sudden.
You feel very sick. The killer bee barely misses you.
You block the killer bee's attack.
You closely miss the killer bee.
The killer bee is lightly wounded.
You feel very sick. The killer bee barely misses you.
You block the killer bee's attack.
You miss the killer bee.
The killer bee is lightly wounded.
You feel sick. You block the killer bee's attack. The killer bee stings you. x2
You are more poisoned.
The killer bee poisons you!
You hit the killer bee.
The killer bee is lightly wounded.
You feel very sick. The killer bee stings you!
* * * LOW HITPOINT WARNING * * *
You are more poisoned.
The killer bee poisons you! The killer bee stings you!
* * * LOW HITPOINT WARNING * * *
The killer bee barely misses you.
You thump the killer bee!
The killer bee is almost dead.
* * * LOW HITPOINT WARNING * * *
You feel very sick. The killer bee stings you.
* * * LOW HITPOINT WARNING * * *
The killer bee stings you but does no damage.
You hit the killer bee.
The killer bee is almost dead.
You die...

...# #........## ...#
#.......... ...#
#.....>..# ...#
#........# ####
#........#
#########........#
#................#
##.#.......######..#
#####.........yy@...##
#.....#.###....#####..#
#.#...#...#.##.#
..........)..#.#
#.......###..#.#
......### ##...#
....#.# ##### ......#
#######


You could see 2 killer bees.

Vanquished Creatures
  Grinder (D:4)
  A phantom (D:4)
  A kobold brigand (D:4)
  3 scorpions
  A killer bee (D:5)
  2 hounds
  Ijyb (D:4)
  An iguana (D:4)
  An orc wizard (D:3)
  A gnoll (D:1)
  2 river rats (Sewer)
  7 adders
  A worm (D:2)
  2 dart slugs
  4 orcs
  2 endoplasms
  A giant cockroach (D:1)
  5 goblins
  4 hobgoblins
  7 jackals
  3 quokkas
  6 ball pythons
  4 bats
  6 frilled lizards
  12 kobolds
  22 rats
101 creatures vanquished.

Notes
Turn   | Place    | Note
-------+----------+-------------------------------------------
     0 | D:1      | ryw the Human Fighter began the quest for the Orb.
     0 | D:1      | Reached XP level 1. HP: 18/18 MP: 1/1
    77 | D:1      | Reached XP level 2. HP: 12/24 MP: 2/2
   448 | D:1      | Reached XP level 3. HP: 28/29 MP: 3/3
   841 | D:1      | Found a faded altar of an unknown god.
  1079 | D:2      | Found a bloodstained altar of Trog.
  1254 | D:2      | Reached XP level 4. HP: 30/35 MP: 4/4
  1785 | D:3      | Found an ancient bone altar of Kikubaaqudgha.
  1830 | D:3      | Reached XP level 5. HP: 14/42 MP: 5/5
  2418 | D:4      | Noticed a phantom
  2455 | D:4      | Found a glowing drain.
  2464 | Sewer    | Entered a sewer
  2689 | Sewer    | Reached skill level 1 in Maces & Flails
  2999 | D:4      | Killed a phantom
  3000 | D:4      | Reached XP level 6. HP: 36/49 MP: 6/6
  3327 | D:4      | Noticed Grinder
  3331 | D:4      | Paralysed by Grinder for 5 turns
  3355 | D:4      | Gained mutation: You occasionally lose the ability to read
                  | scrolls when taking damage. [potion of mutation]
  3355 | D:4      | Gained mutation: Your magical capacity is low. (-10% MP)
                  | [potion of mutation]
  3355 | D:4      | Gained mutation: You are dopey. (Int -2) [potion of
                  | mutation]
  3358 | D:4      | Killed Grinder
  3359 | D:4      | Reached skill level 1 in Throwing
  3359 | D:4      | Reached XP level 7. HP: 30/55 MP: 6/6
  3684 | D:4      | Lost mutation: You occasionally lose the ability to read
                  | scrolls when taking damage. [potion of mutation]
  3684 | D:4      | Lost mutation: You are dopey. (Int -2) [potion of mutation]
  3684 | D:4      | Gained mutation: Your skin changes colour to match your
                  | surroundings (Stealth+). [potion of mutation]
  3684 | D:4      | Gained mutation: You are frail. (-10% HP) [potion of
                  | mutation]
  3685 | D:4      | Lost mutation: Your skin changes colour to match your
                  | surroundings (Stealth+). [potion of mutation]
  3685 | D:4      | Lost mutation: Your magical capacity is low. (-10% MP)
                  | [potion of mutation]
  3685 | D:4      | Lost mutation: You are frail. (-10% HP) [potion of
                  | mutation]
  3685 | D:4      | Gained mutation: Your spells are a little easier to cast,
                  | but a little less powerful. [potion of mutation]
  3686 | D:4      | Lost mutation: Your spells are a little easier to cast, but
                  | a little less powerful. [potion of mutation]
  3686 | D:4      | Gained mutation: Armour fits poorly on your strangely
                  | shaped body. [potion of mutation]
  3686 | D:4      | Gained mutation: You expend magic power (3 MP) to
                  | strengthen your wands. [potion of mutation]
  3686 | D:4      | Gained mutation: Your natural rate of healing is unusually
                  | fast. [potion of mutation]
  3686 | D:4      | Gained mutation: You have hidden genetic potential. [potion
                  | of mutation]
  3860 | D:4      | Reached skill level 5 in Shields
  3875 | D:4      | Reached skill level 5 in Fighting
  3875 | D:4      | Reached skill level 5 in Armour
  3875 | D:4      | Reached XP level 8. HP: 54/62 MP: 8/8
  3934 | D:4      | Noticed Ijyb
  3947 | D:4      | Killed Ijyb
  4097 | D:5      | Entered Level 5 of the Dungeon
  4201 | D:5      | HP: 2/62 [killer bee (4)]
  4202 | D:5      | Succumbed to a killer bee's poison

Illustrated notes

Levels and vault maps discovered:
D:1:      saegor_arrival_simple_b, layout_loops_corners,
          ebering_ecumenical_altar_rust
D:2:      layout_rooms, basic_altar, nrook_loot_triangle
D:3:      layout_rooms, lemuel_round_altar
D:4:      layout_loops_ring, portal_sewer_entry_d, lexackson_kobold_supper,
          uniq_ijyb, uniq_grinder
D:5:      layout_basic, mainiacjoe_overflow_alcove_2, gammafunk_ghost_grave,
          nicolae_houndstooth_variations, uniq_duvessa

Skill      XL: |  1  2  3  4  5  6  7  8 |
---------------+-------------------------+-----
Shields        | 4 5 |  5.2
Fighting       | 4 5 |  5.1
Armour         | 4 5 |  5.2
Maces & Flails | 1 2 3 |  3.2
Throwing       | 1 2 |  2.4
Long Blades    | |  2.3

Action                     |  1- 3 |  4- 6 |  7- 9 || total
---------------------------+-------+-------+-------++-------
  Melee: Long sword        |    89 |    14 |       ||   103
         Falchion          |       |    96 |       ||    96
         Mace              |       |   133 |   114 ||   247
  Throw: Boomerang         |       |    21 |     6 ||    27
         Throwing net      |       |       |     1 ||     1
    Use: Potion            |       |     3 |     6 ||     9
 Armour: Scale mail        |    45 |    47 |       ||    92
         Plate armour      |       |   139 |    67 ||   206
  Dodge: Dodged            |    36 |    98 |    40 ||   174
  Block: Buckler           |    33 |    69 |    40 ||   142

Table legend: (Time is in decaauts)
 A = Elapsed time spent in this place.
 B = Non-inter-level travel time spent in this place.
 C = Inter-level travel time spent in this place.
 D = Time resting spent in this place.
 E = Time spent auto-exploring this place.
 F = Levels seen in this place.
 G = Mean time per level.
                   A        B        C        D        E       F      G
               +--------+--------+--------+--------+--------+-----+--------+
         Total |   4397 |   4266 |    131 |    562 |   2629 |   6 |  732.8 |
       Dungeon |   3877 |   3746 |    131 |    530 |   2302 |   5 |  775.4 |
         Sewer |    520 |    520 |      0 |     32 |    327 |   1 |  520.0 |
               +--------+--------+--------+--------+--------+-----+--------+

Top non-repeatable levels by time:
     D:4: 1284 daAuts
     D:1: 1084 daAuts
     D:3: 751 daAuts
     D:2: 642 daAuts
   Sewer: 520 daAuts
     D:5: 114 daAuts
